Workbook
Name Print_Area_MI: #REF!

Sheet Construction Budget
B2: Please note this workbook has two tabs, the first tab is for the construction budget, the second tab is for income and expense estimates.
B3: All cells with a white background can be typed in. Feel free to add if needed.
B9: RENTAL HOUSING DEVELOPMENT BUDGET | H9: white space indicates data entry
B10: PROJECT NAME:
B12: ITEM | C12: COST | D12: Notes | E12: Depreciable | F12: Amortize | G12: Non-Depr. | H12: Historic RTC | I12: LIHTC 4% | J12: LIHTC 9%
B14: LAND or EXISTING BUILDING (Estimates)
B15: Land / Building Cost | C15: 0 | D15: If purchasing land or an existing building (existing building purchases are relevant for rehabilitation scenarios but generally not new construction), please list the cost to acquire the land and/or existing building. If the site to be constructed on or building to be rehabilitated is already owned, please leave blank. | G15: =C15 -> 0
B16: Land / Building Value | D16: Estimated value of land or existing building as-is. This is important as the difference between land or building value and indebtedness (if any) can be treated as equity.
B17: Land / Building Debt | D17: If applicable, current amount of existing debt on the land or existing building that we should factor in as a payoff. If pledging "free and clear" (no debt), leave blank.
B19: SITE IMPROVEMENTS / SITE WORK (Estimates)
B20: Demolition | C20: 0 | D20: If applicable, such as razing a building on site so the land is cleared for development. | E20: =C20 -> 0 | H20: =C20 -> 0 | I20: =C20 -> 0 | J20: =C20 -> 0
B21: On-Site Imp. | C21: 0 | D21: Site work such as foundations, grading, etc. | E21: =C21 -> 0 | I21: =C21 -> 0 | J21: =C21 -> 0
B22: Off-Site Imp. | C22: 0 | D22: Work more than ~100 feet outside the boundaries of the site. | G22: =C22 -> 0
B23: SUB-TOTAL | C23: =SUM(C20:C22) -> 0
B25: CONSTRUCTION (Estimates)
B26: Hard Costs | C26: 0 | D26: Estimated total cost of the residential building(s) that tenants will live in. | E26: =C26 -> 0 | H26: =C26 -> 0 | I26: =C26 -> 0 | J26: =C26 -> 0
B27: Amenities / Accessory Buildings | C27: 0 | D27: Gazebo, pool, etc. As applicable. | E27: =C27 -> 0 | I27: =C27 -> 0 | J27: =C27 -> 0
B28: Commercial Space | C28: 0 | D28: As applicable.
B29: Impact Fees | C29: 0 | E29: =C29 -> 0 | H29: =C29 -> 0 | I29: =C29 -> 0 | J29: =C29 -> 0
B30: Permits | C30: 0 | E30: =C30 -> 0 | H30: =C30 -> 0 | I30: =C30 -> 0 | J30: =C30 -> 0
B31: Furnishings | C31: 0 | D31: Only common area furnishings are eligible. Tenant unit furnishings are not eligble. | E31: =C31 -> 0 | I31: =C31 -> 0 | J31: =C31 -> 0
B32: Taxes | C32: 0 | D32: Taxes due during construction. | E32: =C32 -> 0 | H32: =C32 -> 0 | I32: =C32 -> 0 | J32: =C32 -> 0
B33: Builder's Risk Insurance | C33: 0 | D33: Paid by either owner or general contractor. | E33: =C33 -> 0 | H33: =C33 -> 0 | I33: =C33 -> 0 | J33: =C33 -> 0
B34: Bond Premium | C34: 0 | D34: General contractors involved with HUD 221(d)(4) projects must be bondable. | E34: =C34 -> 0 | H34: =C34 -> 0 | I34: =C34 -> 0 | J34: =C34 -> 0
B35: General Requirements | C35: 0 | D35: Job site costs (fencing, trailer, portapotty, etc). | E35: =C35 -> 0 | H35: =C35 -> 0 | I35: =C35 -> 0 | J35: =C35 -> 0
B36: Builder's Profit | C36: 0 | E36: =C36 -> 0 | H36: =C36 -> 0 | I36: =C36 -> 0 | J36: =C36 -> 0
B37: Builder's Overhead | C37: 0 | D37: General contractor's payroll and fixed overhead. | E37: =C37 -> 0 | H37: =C37 -> 0 | I37: =C37 -> 0 | J37: =C37 -> 0
B38: Other
B39: SUB-TOTAL | C39: =SUM(C26:C38) -> 0
B41: PROFESSIONAL FEES (Estimates)
B42: Bedford Lending will calculate lender paid third party report estimates automatically as part of our analysis.
B43: Survey | C43: 0 | E43: =C43 -> 0 | H43: =C43 -> 0 | I43: =C43 -> 0 | J43: =C43 -> 0
B44: Architect Fees | C44: 0 | E44: =C44 -> 0 | H44: =C44 -> 0 | I44: =C44 -> 0 | J44: =C44 -> 0
B45: Engineering Fees | C45: 0
B46: Legal | C46: 0 | E46: =C46 -> 0 | H46: =C46 -> 0 | I46: =C46 -> 0 | J46: =C46 -> 0
B47: Consultant | C47: 0 | E47: =C47 -> 0 | H47: =C47 -> 0 | I47: =C47 -> 0 | J47: =C47 -> 0
B48: Environmental Remediation (If Necessary) | C48: 0 | G48: =C48 -> 0
B49: Title and Recording | C49: 0 | E49: =C49 -> 0 | H49: =C49 -> 0 | I49: =C49 -> 0 | J49: =C49 -> 0
B50: Other | C50: 0 | E50: =C50 -> 0 | H50: =C50 -> 0 | I50: =C50 -> 0 | J50: =C50 -> 0
B51: Other | C51: 0 | E51: 0 | H51: =C51 -> 0 | I51: =C51 -> 0 | J51: =C51 -> 0
B52: SUB-TOTAL | C52: =SUM(C43:C51) -> 0 | E52: =C52 -> 0 | H52: =C52 -> 0 | I52: =C52 -> 0 | J52: =C52 -> 0

Sheet Rents and Expenses
B2: PRO FORMA | K2: white space indicates data entry
B3: RENT AND EXPENSE ASSUMPTIONS
B5: RESIDENTIAL RENTS | J5: RESIDENTIAL
B6: Unit Type (One Bedroom, etc.) | C6: Square Feet (Per Unit) | D6: # Units | E6: Mo. Rent | F6: Ann. Rent | J6: ASSUMPTIONS | L6: Percent
B7: Studio | C7: 500 | D7: 10 | E7: 1000 | F7: =D7*E7*12 -> 120000 | J7: Rent Inc./Year | L7: 0
B8: 1 BR | C8: 600 | D8: 10 | E8: 1100 | F8: =D8*E8*12 -> 132000 | J8: Op Cost Inc./Year | L8: 0
B9: 2 BR | C9: 700 | D9: 10 | E9: 1200 | F9: =D9*E9*12 -> 144000 | J9: Reserves Inc./Year | L9: 0
B10: 3 BR | C10: 800 | D10: 10 | E10: 1300 | F10: =D10*E10*12 -> 156000 | J10: Vac. Year 1 | L10: 0
B11: 4 BR | C11: 900 | D11: 10 | E11: 1400 | F11: =D11*E11*12 -> 168000 | J11: Vac. Year 2 | L11: 0
D12: 0 | E12: 0 | F12: =D12*E12*12 -> 0 | J12: Vac. Year 3 & Future | L12: 0
D13: 0 | E13: 0 | F13: =D13*E13*12 -> 0
D14: 0 | E14: 0 | F14: =D14*E14*12 -> 0
D15: 0 | E15: 0 | F15: =D15*E15*12 -> 0
D16: 0 | E16: 0 | F16: =D16*E16*12 -> 0
D17: 0 | E17: 0 | F17: =D17*E17*12 -> 0
B18: SUB-TOTAL | D18: =SUM(D7:D17) -> 50 | F18: =SUM(F7:F17) -> 720000
B20: OTHER INCOME
B21: Pet Fees, Laundry, RUBS, etc. | E21: Mo. Rent | F21: Ann. Rent
B22: Pet Fees | E22: 250 | F22: =E22*12 -> 3000
E23: 0 | F23: =E23*12 -> 0
E24: 0 | F24: =E24*12 -> 0
B25: SUB-TOTAL | F25: =SUM(F22:F24) -> 3000
B27: COMMERCIAL INCOME
B28: Coffee Shop, Restaurant, etc. | E28: Mo. Rent | F28: Ann. Rent | J28: COMMERCIAL
B29: Coffee Shop | E29: 1750 | F29: =E29*12 -> 21000 | J29: ASSUMPTIONS | L29: Percent
E30: 0 | F30: =E30*12 -> 0 | J30: Rent Inc./Year | L30: 0
E31: 0 | F31: =E31*12 -> 0 | J31: Op. Cost Inc./Year | L31: 0
B32: SUB-TOTAL | F32: =SUM(F29:F31) -> 21000 | J32: Reserves Inc./Year | L32: 0
E33: Leaseable SF | F33: $/SF/Year | J33: Vac. Year 1 | L33: 0
B34: Tenant Contributions | E34: 0 | F34: 0 | J34: Vac. Year 2 | L34: 0
B35: Tenant Contributions | E35: 0 | F35: 0 | J35: Vac. Year 3 & Future | L35: 0
B36: Tenant Contributions | E36: 0 | F36: 0 | J36: Other Income Increase | L36: 0.03
B37: TOTAL TENANT CONTRIBUTIONS | E37: =SUM(E34:E36) -> 0 | J37: Weighted Op. Exp. | L37: =('Sources of Funds'!E4*L31)+(1-'Sources of Funds'!E4)*'Rents and Expenses'!L8 -> 0
B39: SUMMATION | F39: Ann. Rent
B40: Residential Income | F40: =F18 -> 720000
B41: Other Income | F41: =F25 -> 3000
B42: Tenant Contributions | F42: =E42*12 -> 0
B43: Commercial Income | F43: =F32 -> 21000
B44: TOTAL INCOME (Annual) | F44: =SUM(F40:F43) -> 744000
B47: OPERATING EXPENSES | E47: TOTAL | F47: Per Unit
B48: Management Fee | E48: 40000 | F48: =E48/$D$18 -> 800
B49: Advertise/Marketing | E49: 2500 | F49: =E49/$D$18 -> 50
B50: Legal | E50: 3500 | F50: =E50/$D$18 -> 70
B51: Administrative | E51: 3500 | F51: =E51/$D$18 -> 70
B52: Utilities | E52: 27500 | F52: =E52/$D$18 -> 550
B53: Trash | E53: 12500 | F53: =E53/$D$18 -> 250
B54: Maintenance/Repairs | E54: 45000 | F54: =E54/$D$18 -> 900
B55: Grounds | E55: 17500 | F55: =E55/$D$18 -> 350
B56: Payroll | E56: 45000 | F56: =E56/$D$18 -> 900
B57: Real Estate Property Tax | E57: 75000 | F57: =E57/$D$18 -> 1500 | G57: If tax abatement planned, please describe in email/call.
B58: Insurance | E58: 45000 | F58: =E58/$D$18 -> 900
B59: Other | E59: 500 | F59: =E59/$D$18 -> 10
B60: Other | E60: 0 | F60: =E60/$D$18 -> 0
B61: Replacement Reserves | E61: =D18*250 -> 12500 | F61: =D18/E61 -> 0.004 | G61: HUD requires minimum $250 per unit per year.
B62: TOTAL EXPENSES (Annual) | E62: =SUM(E48:E61) -> 330000 | F62: =E62/D18 -> 6600 | G62: Typically $5000-10,000 per unit per year.
B64: PRO FORMA (page 2 of 5)
B65: PRE-TAX CASH FLOW
B67: REVENUES | D67: YEAR | E67: 1 | F67: =+E67+1 -> 2 | G67: =+F67+1 -> 3 | H67: =+G67+1 -> 4 | I67: =+H67+1 -> 5 | J67: =+I67+1 -> 6 | K67: =+J67+1 -> 7 | L67: =+K67+1 -> 8 | M67: =+L67+1 -> 9 | N67: =+M67+1 -> 10 | O67: =+#REF!+1 -> #REF! | P67: =+O67+1 -> #REF! | Q67: =+P67+1 -> #REF! | R67: =+Q67+1 -> #REF! | S67: =+R67+1 -> #REF! | T67: =+S67+1 -> #REF! | U67: =+T67+1 -> #REF! | V67: =+U67+1 -> #REF! | W67: =+V67+1 -> #REF! | ... AQ67: =+AP67+1 -> #REF!
B68: _ | D68: _ | E68: _ | F68: _ | G68: _ | H68: _ | I68: _ | J68: _ | K68: _ | L68: _ | M68: _ | N68: _ | O68: _ | P68: _ | Q68: _ | R68: _ | S68: _ | T68: _ | U68: _ | V68: _ | W68: _ | X68: _ | Y68: _ | Z68: _ | AA68: _ | AB68: _ | AC68: _ | AD68: _ | AE68: _ | AF68: _ | AG68: _ | AH68: _ | AI68: _ | AJ68: _ | AK68: _ | AL68: _ | AM68: _ | AN68: _ | AO68: _ | AP68: _ | AQ68: _
B70: Gross Residential Rent | E70: ='Rents and Expenses'!F18 -> 720000 | F70: =E70*(1+'Rents and Expenses'!$L$7) -> 720000 | G70: =F70*(1+'Rents and Expenses'!$L$7) -> 720000 | H70: =G70*(1+'Rents and Expenses'!$L$7) -> 720000 | I70: =H70*(1+'Rents and Expenses'!$L$7) -> 720000 | J70: =I70*(1+'Rents and Expenses'!$L$7) -> 720000 | K70: =J70*(1+'Rents and Expenses'!$L$7) -> 720000 | L70: =K70*(1+'Rents and Expenses'!$L$7) -> 720000 | M70: =L70*(1+'Rents and Expenses'!$L$7) -> 720000 | N70: =M70*(1+'Rents and Expenses'!$L$7) -> 720000 | O70: =#REF!*(1+'Rents and Expenses'!$L$7) -> #REF! | P70: =O70*(1+'Rents and Expenses'!$L$7) -> #REF! | Q70: =P70*(1+'Rents and Expenses'!$L$7) -> #REF! | R70: =Q70*(1+'Rents and Expenses'!$L$7) -> #REF! | S70: =R70*(1+'Rents and Expenses'!$L$7) -> #REF! | T70: =S70*(1+'Rents and Expenses'!$L$7) -> #REF! | U70: =T70*(1+'Rents and Expenses'!$L$7) -> #REF! | V70: =U70*(1+'Rents and Expenses'!$L$7) -> #REF! | W70: =V70*(1+'Rents and Expenses'!$L$7) -> #REF! | ... AQ70: =AP70*(1+'Rents and Expenses'!$L$7) -> #REF!
B71: +Other Income | E71: ='Rents and Expenses'!E43 -> 0 | F71: =E71*(1+'Rents and Expenses'!$L$36) -> 0 | G71: =F71*(1+'Rents and Expenses'!$L$36) -> 0 | H71: =G71*(1+'Rents and Expenses'!$L$36) -> 0 | I71: =H71*(1+'Rents and Expenses'!$L$36) -> 0 | J71: =I71*(1+'Rents and Expenses'!$L$36) -> 0 | K71: =J71*(1+'Rents and Expenses'!$L$36) -> 0 | L71: =K71*(1+'Rents and Expenses'!$L$36) -> 0 | M71: =L71*(1+'Rents and Expenses'!$L$36) -> 0 | N71: =M71*(1+'Rents and Expenses'!$L$36) -> 0 | O71: =#REF!*(1+'Rents and Expenses'!$L$36) -> #REF! | P71: =O71*(1+'Rents and Expenses'!$L$36) -> #REF! | Q71: =P71*(1+'Rents and Expenses'!$L$36) -> #REF! | R71: =Q71*(1+'Rents and Expenses'!$L$36) -> #REF! | S71: =R71*(1+'Rents and Expenses'!$L$36) -> #REF! | T71: =S71*(1+'Rents and Expenses'!$L$36) -> #REF! | U71: =T71*(1+'Rents and Expenses'!$L$36) -> #REF! | V71: =U71*(1+'Rents and Expenses'!$L$36) -> #REF! | W71: =V71*(1+'Rents and Expenses'!$L$36) -> #REF! | ... AQ71: =AP71*(1+'Rents and Expenses'!$L$36) -> #REF!
B72: - Residential Vacancy | E72: =(E70+E71)*'Rents and Expenses'!L10 -> 0 | F72: =(F70+F71)*'Rents and Expenses'!L11 -> 0 | G72: =(G70+G71)*'Rents and Expenses'!$L$12 -> 0 | H72: =(H70+H71)*'Rents and Expenses'!$L$12 -> 0 | I72: =(I70+I71)*'Rents and Expenses'!$L$12 -> 0 | J72: =(J70+J71)*'Rents and Expenses'!$L$12 -> 0 | K72: =(K70+K71)*'Rents and Expenses'!$L$12 -> 0 | L72: =(L70+L71)*'Rents and Expenses'!$L$12 -> 0 | M72: =(M70+M71)*'Rents and Expenses'!$L$12 -> 0 | N72: =(N70+N71)*'Rents and Expenses'!$L$12 -> 0 | ... AQ72: =(AQ70+AQ71)*'Rents and Expenses'!$L$12 -> #REF!
B73: = Residential Income | E73: =E70-E72 -> 720000 | F73: =F70-F72 -> 720000 | G73: =G70-G72 -> 720000 | H73: =H70-H72 -> 720000 | I73: =I70-I72 -> 720000 | J73: =J70-J72 -> 720000 | K73: =K70-K72 -> 720000 | L73: =L70-L72 -> 720000 | ... AQ73: =AQ70-AQ72 -> #REF!
B75: Gross Commercial Rent | E75: ='Rents and Expenses'!G32 -> 0 | F75: =E75*(1+'Rents and Expenses'!$L$30) -> 0 | G75: =F75*(1+'Rents and Expenses'!$L$30) -> 0 | H75: =G75*(1+'Rents and Expenses'!$L$30) -> 0 | I75: =H75*(1+'Rents and Expenses'!$L$30) -> 0 | J75: =I75*(1+'Rents and Expenses'!$L$30) -> 0 | K75: =J75*(1+'Rents and Expenses'!$L$30) -> 0 | L75: =K75*(1+'Rents and Expenses'!$L$30) -> 0 | M75: =L75*(1+'Rents and Expenses'!$L$30) -> 0 | N75: =M75*(1+'Rents and Expenses'!$L$30) -> 0 | O75: =#REF!*(1+'Rents and Expenses'!$L$30) -> #REF! | P75: =O75*(1+'Rents and Expenses'!$L$30) -> #REF! | Q75: =P75*(1+'Rents and Expenses'!$L$30) -> #REF! | R75: =Q75*(1+'Rents and Expenses'!$L$30) -> #REF! | S75: =R75*(1+'Rents and Expenses'!$L$30) -> #REF! | T75: =S75*(1+'Rents and Expenses'!$L$30) -> #REF! | U75: =T75*(1+'Rents and Expenses'!$L$30) -> #REF! | V75: =U75*(1+'Rents and Expenses'!$L$30) -> #REF! | W75: =V75*(1+'Rents and Expenses'!$L$30) -> #REF! | ... AQ75: =AP75*(1+'Rents and Expenses'!$L$30) -> #REF!
B76: + Tenant Contributions | E76: ='Rents and Expenses'!E42 -> 0 | F76: =E76*(1+'Rents and Expenses'!$L$31) -> 0 | G76: =F76*(1+'Rents and Expenses'!$L$31) -> 0 | H76: =G76*(1+'Rents and Expenses'!$L$31) -> 0 | I76: =H76*(1+'Rents and Expenses'!$L$31) -> 0 | J76: =I76*(1+'Rents and Expenses'!$L$31) -> 0 | K76: =J76*(1+'Rents and Expenses'!$L$31) -> 0 | L76: =K76*(1+'Rents and Expenses'!$L$31) -> 0 | M76: =L76*(1+'Rents and Expenses'!$L$31) -> 0 | N76: =M76*(1+'Rents and Expenses'!$L$31) -> 0 | O76: =#REF!*(1+'Rents and Expenses'!$L$31) -> #REF! | P76: =O76*(1+'Rents and Expenses'!$L$31) -> #REF! | Q76: =P76*(1+'Rents and Expenses'!$L$31) -> #REF! | R76: =Q76*(1+'Rents and Expenses'!$L$31) -> #REF! | S76: =R76*(1+'Rents and Expenses'!$L$31) -> #REF! | T76: =S76*(1+'Rents and Expenses'!$L$31) -> #REF! | U76: =T76*(1+'Rents and Expenses'!$L$31) -> #REF! | V76: =U76*(1+'Rents and Expenses'!$L$31) -> #REF! | W76: =V76*(1+'Rents and Expenses'!$L$31) -> #REF! | ... AQ76: =AP76*(1+'Rents and Expenses'!$L$31) -> #REF!
B77: = Commercial Rent | E77: =SUM(E75:E76) -> 0 | F77: =F75+F76 -> 0 | G77: =(G75+G76) -> 0 | H77: =(H75+H76) -> 0 | I77: =(I75+I76) -> 0 | J77: =(J75+J76) -> 0 | K77: =(K75+K76) -> 0 | L77: =(L75+L76) -> 0 | M77: =(M75+M76) -> 0 | N77: =(N75+N76) -> 0 | ... AQ77: =(AQ75+AQ76) -> #REF!
B78: - Commercial Vacancy | E78: ='Rents and Expenses'!L33*E77 -> 0 | F78: ='Rents and Expenses'!$L$34*F77 -> 0 | G78: ='Rents and Expenses'!$L$35*G77 -> 0 | H78: ='Rents and Expenses'!$L$35*H77 -> 0 | I78: ='Rents and Expenses'!$L$35*I77 -> 0 | J78: ='Rents and Expenses'!$L$35*J77 -> 0 | K78: ='Rents and Expenses'!$L$35*K77 -> 0 | L78: ='Rents and Expenses'!$L$35*L77 -> 0 | M78: ='Rents and Expenses'!$L$35*M77 -> 0 | N78: ='Rents and Expenses'!$L$35*N77 -> 0 | ... AQ78: ='Rents and Expenses'!$L$35*AQ77 -> #REF!
B79: =Commercial Income | E79: =E77-E78 -> 0 | F79: =F77-F78 -> 0 | G79: =G77-G78 -> 0 | H79: =H77-H78 -> 0 | I79: =I77-I78 -> 0 | J79: =J77-J78 -> 0 | K79: =K77-K78 -> 0 | L79: =L77-L78 -> 0 | ... AQ79: =AQ77-AQ78 -> #REF!
B81: = Effective Gross Income | E81: =E73+E79+E71 -> 720000 | F81: =F73+F79+F71 -> 720000 | G81: =G73+G79+G71 -> 720000 | H81: =H73+H79+H71 -> 720000 | I81: =I73+I79+I71 -> 720000 | J81: =J73+J79+J71 -> 720000 | K81: =K73+K79+K71 -> 720000 | L81: =L73+L79+L71 -> 720000 | ... AQ81: =AQ73+AQ79+AQ71 -> #REF!
B83: Operating Expenses
B84: Management Fees | E84: =E48 -> 40000 | F84: =E84*(1+'Rents and Expenses'!$L$37) -> 40000 | G84: =F84*(1+'Rents and Expenses'!$L$37) -> 40000 | H84: =G84*(1+'Rents and Expenses'!$L$37) -> 40000 | I84: =H84*(1+'Rents and Expenses'!$L$37) -> 40000 | J84: =I84*(1+'Rents and Expenses'!$L$37) -> 40000 | K84: =J84*(1+'Rents and Expenses'!$L$37) -> 40000 | L84: =K84*(1+'Rents and Expenses'!$L$37) -> 40000 | M84: =L84*(1+'Rents and Expenses'!$L$37) -> 40000 | N84: =M84*(1+'Rents and Expenses'!$L$37) -> 40000 | O84: =#REF!*(1+'Rents and Expenses'!$L$37) -> #REF! | P84: =O84*(1+'Rents and Expenses'!$L$37) -> #REF! | Q84: =P84*(1+'Rents and Expenses'!$L$37) -> #REF! | R84: =Q84*(1+'Rents and Expenses'!$L$37) -> #REF! | S84: =R84*(1+'Rents and Expenses'!$L$37) -> #REF! | T84: =S84*(1+'Rents and Expenses'!$L$37) -> #REF! | U84: =T84*(1+'Rents and Expenses'!$L$37) -> #REF! | V84: =U84*(1+'Rents and Expenses'!$L$37) -> #REF! | W84: =V84*(1+'Rents and Expenses'!$L$37) -> #REF! | ... AQ84: =AP84*(1+'Rents and Expenses'!$L$37) -> #REF!
B85: Advertise/Market | E85: =E49 -> 2500 | F85: =E85*(1+'Rents and Expenses'!$L$37) -> 2500 | G85: =F85*(1+'Rents and Expenses'!$L$37) -> 2500 | H85: =G85*(1+'Rents and Expenses'!$L$37) -> 2500 | I85: =H85*(1+'Rents and Expenses'!$L$37) -> 2500 | J85: =I85*(1+'Rents and Expenses'!$L$37) -> 2500 | K85: =J85*(1+'Rents and Expenses'!$L$37) -> 2500 | L85: =K85*(1+'Rents and Expenses'!$L$37) -> 2500 | M85: =L85*(1+'Rents and Expenses'!$L$37) -> 2500 | N85: =M85*(1+'Rents and Expenses'!$L$37) -> 2500 | O85: =#REF!*(1+'Rents and Expenses'!$L$37) -> #REF! | P85: =O85*(1+'Rents and Expenses'!$L$37) -> #REF! | Q85: =P85*(1+'Rents and Expenses'!$L$37) -> #REF! | R85: =Q85*(1+'Rents and Expenses'!$L$37) -> #REF! | S85: =R85*(1+'Rents and Expenses'!$L$37) -> #REF! | T85: =S85*(1+'Rents and Expenses'!$L$37) -> #REF! | U85: =T85*(1+'Rents and Expenses'!$L$37) -> #REF! | V85: =U85*(1+'Rents and Expenses'!$L$37) -> #REF! | W85: =V85*(1+'Rents and Expenses'!$L$37) -> #REF! | ... AQ85: =AP85*(1+'Rents and Expenses'!$L$37) -> #REF!
B86: Legal/Administrative | E86: =E50+E51 -> 7000 | F86: =E86*(1+'Rents and Expenses'!$L$37) -> 7000 | G86: =F86*(1+'Rents and Expenses'!$L$37) -> 7000 | H86: =G86*(1+'Rents and Expenses'!$L$37) -> 7000 | I86: =H86*(1+'Rents and Expenses'!$L$37) -> 7000 | J86: =I86*(1+'Rents and Expenses'!$L$37) -> 7000 | K86: =J86*(1+'Rents and Expenses'!$L$37) -> 7000 | L86: =K86*(1+'Rents and Expenses'!$L$37) -> 7000 | M86: =L86*(1+'Rents and Expenses'!$L$37) -> 7000 | N86: =M86*(1+'Rents and Expenses'!$L$37) -> 7000 | O86: =#REF!*(1+'Rents and Expenses'!$L$37) -> #REF! | P86: =O86*(1+'Rents and Expenses'!$L$37) -> #REF! | Q86: =P86*(1+'Rents and Expenses'!$L$37) -> #REF! | R86: =Q86*(1+'Rents and Expenses'!$L$37) -> #REF! | S86: =R86*(1+'Rents and Expenses'!$L$37) -> #REF! | T86: =S86*(1+'Rents and Expenses'!$L$37) -> #REF! | U86: =T86*(1+'Rents and Expenses'!$L$37) -> #REF! | V86: =U86*(1+'Rents and Expenses'!$L$37) -> #REF! | W86: =V86*(1+'Rents and Expenses'!$L$37) -> #REF! | ... AQ86: =AP86*(1+'Rents and Expenses'!$L$37) -> #REF!
B87: Utilities and Trash | E87: =E52+E53 -> 40000 | F87: =E87*(1+'Rents and Expenses'!$L$37) -> 40000 | G87: =F87*(1+'Rents and Expenses'!$L$37) -> 40000 | H87: =G87*(1+'Rents and Expenses'!$L$37) -> 40000 | I87: =H87*(1+'Rents and Expenses'!$L$37) -> 40000 | J87: =I87*(1+'Rents and Expenses'!$L$37) -> 40000 | K87: =J87*(1+'Rents and Expenses'!$L$37) -> 40000 | L87: =K87*(1+'Rents and Expenses'!$L$37) -> 40000 | M87: =L87*(1+'Rents and Expenses'!$L$37) -> 40000 | N87: =M87*(1+'Rents and Expenses'!$L$37) -> 40000 | O87: =#REF!*(1+'Rents and Expenses'!$L$37) -> #REF! | P87: =O87*(1+'Rents and Expenses'!$L$37) -> #REF! | Q87: =P87*(1+'Rents and Expenses'!$L$37) -> #REF! | R87: =Q87*(1+'Rents and Expenses'!$L$37) -> #REF! | S87: =R87*(1+'Rents and Expenses'!$L$37) -> #REF! | T87: =S87*(1+'Rents and Expenses'!$L$37) -> #REF! | U87: =T87*(1+'Rents and Expenses'!$L$37) -> #REF! | V87: =U87*(1+'Rents and Expenses'!$L$37) -> #REF! | W87: =V87*(1+'Rents and Expenses'!$L$37) -> #REF! | ... AQ87: =AP87*(1+'Rents and Expenses'!$L$37) -> #REF!
B88: Maintenance/Repairs and Grounds | E88: =E54+E55 -> 62500 | F88: =E88*(1+'Rents and Expenses'!$L$37) -> 62500 | G88: =F88*(1+'Rents and Expenses'!$L$37) -> 62500 | H88: =G88*(1+'Rents and Expenses'!$L$37) -> 62500 | I88: =H88*(1+'Rents and Expenses'!$L$37) -> 62500 | J88: =I88*(1+'Rents and Expenses'!$L$37) -> 62500 | K88: =J88*(1+'Rents and Expenses'!$L$37) -> 62500 | L88: =K88*(1+'Rents and Expenses'!$L$37) -> 62500 | M88: =L88*(1+'Rents and Expenses'!$L$37) -> 62500 | N88: =M88*(1+'Rents and Expenses'!$L$37) -> 62500 | O88: =#REF!*(1+'Rents and Expenses'!$L$37) -> #REF! | P88: =O88*(1+'Rents and Expenses'!$L$37) -> #REF! | Q88: =P88*(1+'Rents and Expenses'!$L$37) -> #REF! | R88: =Q88*(1+'Rents and Expenses'!$L$37) -> #REF! | S88: =R88*(1+'Rents and Expenses'!$L$37) -> #REF! | T88: =S88*(1+'Rents and Expenses'!$L$37) -> #REF! | U88: =T88*(1+'Rents and Expenses'!$L$37) -> #REF! | V88: =U88*(1+'Rents and Expenses'!$L$37) -> #REF! | W88: =V88*(1+'Rents and Expenses'!$L$37) -> #REF! | ... AQ88: =AP88*(1+'Rents and Expenses'!$L$37) -> #REF!
B89: Real Estate Property Tax | E89: =E57 -> 75000 | F89: =E89*(1+'Rents and Expenses'!$L$37) -> 75000 | G89: =F89*(1+'Rents and Expenses'!$L$37) -> 75000 | H89: =G89*(1+'Rents and Expenses'!$L$37) -> 75000 | I89: =H89*(1+'Rents and Expenses'!$L$37) -> 75000 | J89: =I89*(1+'Rents and Expenses'!$L$37) -> 75000 | K89: =J89*(1+'Rents and Expenses'!$L$37) -> 75000 | L89: =K89*(1+'Rents and Expenses'!$L$37) -> 75000 | M89: =L89*(1+'Rents and Expenses'!$L$37) -> 75000 | N89: =M89*(1+'Rents and Expenses'!$L$37) -> 75000 | O89: =#REF!*(1+'Rents and Expenses'!$L$37) -> #REF! | P89: =O89*(1+'Rents and Expenses'!$L$37) -> #REF! | Q89: =P89*(1+'Rents and Expenses'!$L$37) -> #REF! | R89: =Q89*(1+'Rents and Expenses'!$L$37) -> #REF! | S89: =R89*(1+'Rents and Expenses'!$L$37) -> #REF! | T89: =S89*(1+'Rents and Expenses'!$L$37) -> #REF! | U89: =T89*(1+'Rents and Expenses'!$L$37) -> #REF! | V89: =U89*(1+'Rents and Expenses'!$L$37) -> #REF! | W89: =V89*(1+'Rents and Expenses'!$L$37) -> #REF! | ... AQ89: =AP89*(1+'Rents and Expenses'!$L$37) -> #REF!
B90: Insurance | E90: =E58 -> 45000 | F90: =E90*(1+'Rents and Expenses'!$L$37) -> 45000 | G90: =F90*(1+'Rents and Expenses'!$L$37) -> 45000 | H90: =G90*(1+'Rents and Expenses'!$L$37) -> 45000 | I90: =H90*(1+'Rents and Expenses'!$L$37) -> 45000 | J90: =I90*(1+'Rents and Expenses'!$L$37) -> 45000 | K90: =J90*(1+'Rents and Expenses'!$L$37) -> 45000 | L90: =K90*(1+'Rents and Expenses'!$L$37) -> 45000 | M90: =L90*(1+'Rents and Expenses'!$L$37) -> 45000 | N90: =M90*(1+'Rents and Expenses'!$L$37) -> 45000 | O90: =#REF!*(1+'Rents and Expenses'!$L$37) -> #REF! | P90: =O90*(1+'Rents and Expenses'!$L$37) -> #REF! | Q90: =P90*(1+'Rents and Expenses'!$L$37) -> #REF! | R90: =Q90*(1+'Rents and Expenses'!$L$37) -> #REF! | S90: =R90*(1+'Rents and Expenses'!$L$37) -> #REF! | T90: =S90*(1+'Rents and Expenses'!$L$37) -> #REF! | U90: =T90*(1+'Rents and Expenses'!$L$37) -> #REF! | V90: =U90*(1+'Rents and Expenses'!$L$37) -> #REF! | W90: =V90*(1+'Rents and Expenses'!$L$37) -> #REF! | ... AQ90: =AP90*(1+'Rents and Expenses'!$L$37) -> #REF!
B91: Other | E91: =E59 -> 500 | F91: =E91*(1+'Rents and Expenses'!$L$37) -> 500 | G91: =F91*(1+'Rents and Expenses'!$L$37) -> 500 | H91: =G91*(1+'Rents and Expenses'!$L$37) -> 500 | I91: =H91*(1+'Rents and Expenses'!$L$37) -> 500 | J91: =I91*(1+'Rents and Expenses'!$L$37) -> 500 | K91: =J91*(1+'Rents and Expenses'!$L$37) -> 500 | L91: =K91*(1+'Rents and Expenses'!$L$37) -> 500 | M91: =L91*(1+'Rents and Expenses'!$L$37) -> 500 | N91: =M91*(1+'Rents and Expenses'!$L$37) -> 500 | O91: =#REF!*(1+'Rents and Expenses'!$L$37) -> #REF! | P91: =O91*(1+'Rents and Expenses'!$L$37) -> #REF! | Q91: =P91*(1+'Rents and Expenses'!$L$37) -> #REF! | R91: =Q91*(1+'Rents and Expenses'!$L$37) -> #REF! | S91: =R91*(1+'Rents and Expenses'!$L$37) -> #REF! | T91: =S91*(1+'Rents and Expenses'!$L$37) -> #REF! | U91: =T91*(1+'Rents and Expenses'!$L$37) -> #REF! | V91: =U91*(1+'Rents and Expenses'!$L$37) -> #REF! | W91: =V91*(1+'Rents and Expenses'!$L$37) -> #REF! | ... AQ91: =AP91*(1+'Rents and Expenses'!$L$37) -> #REF!
B92: = Total Operating Expenses | E92: =SUM(E84:E91) -> 272500 | F92: =SUM(F84:F91) -> 272500 | G92: =SUM(G84:G91) -> 272500 | H92: =SUM(H84:H91) -> 272500 | I92: =SUM(I84:I91) -> 272500 | J92: =SUM(J84:J91) -> 272500 | K92: =SUM(K84:K91) -> 272500 | L92: =SUM(L84:L91) -> 272500 | ... AQ92: =SUM(AQ84:AQ91) -> #REF!
B93: - Transfer to Reserves | E93: =E61 -> 12500 | F93: =E93*(1+'Rents and Expenses'!$L$9) -> 12500 | G93: =F93*(1+'Rents and Expenses'!$L$9) -> 12500 | H93: =G93*(1+'Rents and Expenses'!$L$9) -> 12500 | I93: =H93*(1+'Rents and Expenses'!$L$9) -> 12500 | J93: =I93*(1+'Rents and Expenses'!$L$9) -> 12500 | K93: =J93*(1+'Rents and Expenses'!$L$9) -> 12500 | L93: =K93*(1+'Rents and Expenses'!$L$9) -> 12500 | M93: =L93*(1+'Rents and Expenses'!$L$9) -> 12500 | N93: =M93*(1+'Rents and Expenses'!$L$9) -> 12500 | O93: =#REF!*(1+'Rents and Expenses'!$L$9) -> #REF! | P93: =O93*(1+'Rents and Expenses'!$L$9) -> #REF! | Q93: =P93*(1+'Rents and Expenses'!$L$9) -> #REF! | R93: =Q93*(1+'Rents and Expenses'!$L$9) -> #REF! | S93: =R93*(1+'Rents and Expenses'!$L$9) -> #REF! | T93: =S93*(1+'Rents and Expenses'!$L$9) -> #REF! | U93: =T93*(1+'Rents and Expenses'!$L$9) -> #REF! | V93: =U93*(1+'Rents and Expenses'!$L$9) -> #REF! | W93: =V93*(1+'Rents and Expenses'!$L$9) -> #REF! | ... AQ93: =AP93*(1+'Rents and Expenses'!$L$9) -> #REF!
B94: - Other Expenses | E94: =#REF! -> #REF! | F94: =E94*(1+'Rents and Expenses'!$L$37) -> #REF! | G94: =F94*(1+'Rents and Expenses'!$L$37) -> #REF! | H94: =G94*(1+'Rents and Expenses'!$L$37) -> #REF! | I94: =H94*(1+'Rents and Expenses'!$L$37) -> #REF! | J94: =I94*(1+'Rents and Expenses'!$L$37) -> #REF! | K94: =J94*(1+'Rents and Expenses'!$L$37) -> #REF! | L94: =K94*(1+'Rents and Expenses'!$L$37) -> #REF! | M94: =L94*(1+'Rents and Expenses'!$L$37) -> #REF! | N94: =M94*(1+'Rents and Expenses'!$L$37) -> #REF! | O94: =#REF!*(1+'Rents and Expenses'!$L$37) -> #REF! | P94: =O94*(1+'Rents and Expenses'!$L$37) -> #REF! | Q94: =P94*(1+'Rents and Expenses'!$L$37) -> #REF! | R94: =Q94*(1+'Rents and Expenses'!$L$37) -> #REF! | S94: =R94*(1+'Rents and Expenses'!$L$37) -> #REF! | T94: =S94*(1+'Rents and Expenses'!$L$37) -> #REF! | U94: =T94*(1+'Rents and Expenses'!$L$37) -> #REF! | V94: =U94*(1+'Rents and Expenses'!$L$37) -> #REF! | W94: =V94*(1+'Rents and Expenses'!$L$37) -> #REF! | ... AQ94: =AP94*(1+'Rents and Expenses'!$L$37) -> #REF!
B95: = Net Operating Income | E95: =E81-E92-E93-E94 -> #REF! | F95: =F81-F92-F93-F94 -> #REF! | G95: =G81-G92-G93-G94 -> #REF! | H95: =H81-H92-H93-H94 -> #REF! | I95: =I81-I92-I93-I94 -> #REF! | J95: =J81-J92-J93-J94 -> #REF! | K95: =K81-K92-K93-K94 -> #REF! | L95: =L81-L92-L93-L94 -> #REF! | ... AQ95: =AQ81-AQ92-AQ93-AQ94 -> #REF!
B97: - Debt Service (p+i) bank | E97: =E155 -> 0 | F97: =F155 -> 0 | G97: =G155 -> 0 | H97: =H155 -> 0 | I97: =I155 -> 0 | J97: =J155 -> 0 | K97: =K155 -> 0 | L97: =L155 -> 0 | ... AQ97: =AQ155 -> #REF!
B98: - Other Debt Service (p+i) | E98: =E166+E177 -> 0 | F98: =F166+F177 -> 0 | G98: =G166+G177 -> 0 | H98: =H166+H177 -> 0 | I98: =I166+I177 -> 0 | J98: =J166+J177 -> 0 | K98: =K166+K177 -> 0 | L98: =L166+L177 -> 0 | ... AQ98: =AQ166+AQ177 -> #REF!
B99: - Interest Only Loan Payments | E99: =E191+E186 -> 0 | F99: =F191+F186 -> 0 | G99: =G191+G186 -> 0 | H99: =H191+H186 -> 0 | I99: =I191+I186 -> 0 | J99: =J191+J186 -> 0 | K99: =K191+K186 -> 0 | L99: =L191+L186 -> 0 | ... AQ99: =AQ191+AQ186 -> #REF!
B100: - Debt Service - Deferred Loans | E100: =E201+E215 -> 0 | F100: =F201+F215 -> 0 | G100: =G201+G215 -> 0 | H100: =H201+H215 -> 0 | I100: =I201+I215 -> 0 | J100: =J201+J215 -> 0 | K100: =K201+K215 -> 0 | L100: =L201+L215 -> 0 | ... AQ100: =AQ201+AQ215 -> #REF!
B101: - Debt Service (p+i) Developer | E101: =E229 -> 0 | F101: =F229 -> 0 | G101: =G229 -> 0 | H101: =H229 -> 0 | I101: =I229 -> 0 | J101: =J229 -> 0 | K101: =K229 -> 0 | L101: =L229 -> 0 | ... AQ101: =AQ229 -> #REF!
B102: - Debt Service -CF Loan | E102: =IF((E95-E97-E101-E98-E99-E100)>0,IF(D240-((E95-E97-E101-E98-E99-E100)*'Sources of Funds'!G46)>0,(E95-E97-E101-E98-E99-E100)*'Sources of Funds'!G46,D240),0) -> #REF! | F102: =IF((F95-F97-F101-F98-F99-F100)>0,IF(E245-((F95-F97-F101-F98-F99-F100)*'Sources of Funds'!$G$46)>0,(F95-F97-F101-F98-F99-F100)*'Sources of Funds'!$G$46,E245),0) -> #REF! | G102: =IF((G95-G97-G101-G98-G99-G100)>0,IF(F245-((G95-G97-G101-G98-G99-G100)*'Sources of Funds'!$G$46)>0,(G95-G97-G101-G98-G99-G100)*'Sources of Funds'!$G$46,F245),0) -> #REF! | H102: =IF((H95-H97-H101-H98-H99-H100)>0,IF(G245-((H95-H97-H101-H98-H99-H100)*'Sources of Funds'!$G$46)>0,(H95-H97-H101-H98-H99-H100)*'Sources of Funds'!$G$46,G245),0) -> #REF! | I102: =IF((I95-I97-I101-I98-I99-I100)>0,IF(H245-((I95-I97-I101-I98-I99-I100)*'Sources of Funds'!$G$46)>0,(I95-I97-I101-I98-I99-I100)*'Sources of Funds'!$G$46,H245),0) -> #REF! | J102: =IF((J95-J97-J101-J98-J99-J100)>0,IF(I245-((J95-J97-J101-J98-J99-J100)*'Sources of Funds'!$G$46)>0,(J95-J97-J101-J98-J99-J100)*'Sources of Funds'!$G$46,I245),0) -> #REF! | K102: =IF((K95-K97-K101-K98-K99-K100)>0,IF(J245-((K95-K97-K101-K98-K99-K100)*'Sources of Funds'!$G$46)>0,(K95-K97-K101-K98-K99-K100)*'Sources of Funds'!$G$46,J245),0) -> #REF! | L102: =IF((L95-L97-L101-L98-L99-L100)>0,IF(K245-((L95-L97-L101-L98-L99-L100)*'Sources of Funds'!$G$46)>0,(L95-L97-L101-L98-L99-L100)*'Sources of Funds'!$G$46,K245),0) -> #REF! | M102: =IF((M95-M97-M101-M98-M99-M100)>0,IF(L245-((M95-M97-M101-M98-M99-M100)*'Sources of Funds'!$G$46)>0,(M95-M97-M101-M98-M99-M100)*'Sources of Funds'!$G$46,L245),0) -> #REF! | N102: =IF((N95-N97-N101-N98-N99-N100)>0,IF(M245-((N95-N97-N101-N98-N99-N100)*'Sources of Funds'!$G$46)>0,(N95-N97-N101-N98-N99-N100)*'Sources of Funds'!$G$46,M245),0) -> #REF! | O102: =IF((O95-O97-O101-O98-O99-O100)>0,IF(#REF!-((O95-O97-O101-O98-O99-O100)*'Sources of Funds'!$G$46)>0,(O95-O97-O101-O98-O99-O100)*'Sources of Funds'!$G$46,#REF!),0) -> #REF! | P102: =IF((P95-P97-P101-P98-P99-P100)>0,IF(O245-((P95-P97-P101-P98-P99-P100)*'Sources of Funds'!$G$46)>0,(P95-P97-P101-P98-P99-P100)*'Sources of Funds'!$G$46,O245),0) -> #REF! | Q102: =IF((Q95-Q97-Q101-Q98-Q99-Q100)>0,IF(P245-((Q95-Q97-Q101-Q98-Q99-Q100)*'Sources of Funds'!$G$46)>0,(Q95-Q97-Q101-Q98-Q99-Q100)*'Sources of Funds'!$G$46,P245),0) -> #REF! | R102: =IF((R95-R97-R101-R98-R99-R100)>0,IF(Q245-((R95-R97-R101-R98-R99-R100)*'Sources of Funds'!$G$46)>0,(R95-R97-R101-R98-R99-R100)*'Sources of Funds'!$G$46,Q245),0) -> #REF! | S102: =IF((S95-S97-S101-S98-S99-S100)>0,IF(R245-((S95-S97-S101-S98-S99-S100)*'Sources of Funds'!$G$46)>0,(S95-S97-S101-S98-S99-S100)*'Sources of Funds'!$G$46,R245),0) -> #REF! | T102: =IF((T95-T97-T101-T98-T99-T100)>0,IF(S245-((T95-T97-T101-T98-T99-T100)*'Sources of Funds'!$G$46)>0,(T95-T97-T101-T98-T99-T100)*'Sources of Funds'!$G$46,S245),0) -> #REF! | U102: =IF((U95-U97-U101-U98-U99-U100)>0,IF(T245-((U95-U97-U101-U98-U99-U100)*'Sources of Funds'!$G$46)>0,(U95-U97-U101-U98-U99-U100)*'Sources of Funds'!$G$46,T245),0) -> #REF! | V102: =IF((V95-V97-V101-V98-V99-V100)>0,IF(U245-((V95-V97-V101-V98-V99-V100)*'Sources of Funds'!$G$46)>0,(V95-V97-V101-V98-V99-V100)*'Sources of Funds'!$G$46,U245),0) -> #REF! | W102: =IF((W95-W97-W101-W98-W99-W100)>0,IF(V245-((W95-W97-W101-W98-W99-W100)*'Sources of Funds'!$G$46)>0,(W95-W97-W101-W98-W99-W100)*'Sources of Funds'!$G$46,V245),0) -> #REF! | ... AQ102: =IF((AQ95-AQ97-AQ101-AQ98-AQ99-AQ100)>0,IF(AP245-((AQ95-AQ97-AQ101-AQ98-AQ99-AQ100)*'Sources of Funds'!$G$46)>0,(AQ95-AQ97-AQ101-AQ98-AQ99-AQ100)*'Sources of Funds'!$G$46,AP245),0) -> #REF!
B103: = Cash Flow | E103: =E95-E98-E99-E97-E100-E101-E102 -> #REF! | F103: =F95-F98-F99-F97-F100-F101-F102 -> #REF! | G103: =G95-G98-G99-G97-G100-G101-G102 -> #REF! | H103: =H95-H98-H99-H97-H100-H101-H102 -> #REF! | I103: =I95-I98-I99-I97-I100-I101-I102 -> #REF! | J103: =J95-J98-J99-J97-J100-J101-J102 -> #REF! | K103: =K95-K98-K99-K97-K100-K101-K102 -> #REF! | L103: =L95-L98-L99-L97-L100-L101-L102 -> #REF! | ... AQ103: =AQ95-AQ98-AQ99-AQ97-AQ100-AQ101-AQ102 -> #REF!
B104: - Partnership Management Fees
B105: - Incentive Management Fees
B106: = Cash Flow Available for | E106: =E103-E104-E105 -> #REF! | F106: =F103-F104-F105 -> #REF! | G106: =G103-G104-G105 -> #REF! | H106: =H103-H104-H105 -> #REF! | I106: =I103-I104-I105 -> #REF! | J106: =J103-J104-J105 -> #REF! | K106: =K103-K104-K105 -> #REF! | L106: =L103-L104-L105 -> #REF! | ... AQ106: =AQ103-AQ104-AQ105 -> #REF!
B107: Distribution
B109: Debt Coverage Ratio-Bank Loan | E109: =IF(E155>0,E95/E155,0) -> 0 | F109: =IF(F155>0,F95/F155,0) -> 0 | G109: =IF(G155>0,G95/G155,0) -> 0 | H109: =IF(H155>0,H95/H155,0) -> 0 | I109: =IF(I155>0,I95/I155,0) -> 0 | J109: =IF(J155>0,J95/J155,0) -> 0 | K109: =IF(K155>0,K95/K155,0) -> 0 | L109: =IF(L155>0,L95/L155,0) -> 0 | ... AQ109: =IF(AQ155>0,AQ95/AQ155,0) -> #REF!
B110: Debt Coverage Ratio-All loans | E110: =IF(SUM(E97:E102)>0,E95/SUM(E97:E102),0) -> #REF! | F110: =IF(SUM(F97:F102)>0,F95/SUM(F97:F102),0) -> #REF! | G110: =IF(SUM(G97:G102)>0,G95/SUM(G97:G102),0) -> #REF! | H110: =IF(SUM(H97:H102)>0,H95/SUM(H97:H102),0) -> #REF! | I110: =IF(SUM(I97:I102)>0,I95/SUM(I97:I102),0) -> #REF! | J110: =IF(SUM(J97:J102)>0,J95/SUM(J97:J102),0) -> #REF! | K110: =IF(SUM(K97:K102)>0,K95/SUM(K97:K102),0) -> #REF! | L110: =IF(SUM(L97:L102)>0,L95/SUM(L97:L102),0) -> #REF! | ... AQ110: =IF(SUM(AQ97:AQ102)>0,AQ95/SUM(AQ97:AQ102),0) -> #REF!
B111: Cash on Cash (e=CF/EQ) | E111: =IF('Sources of Funds'!$C$51>0,E106/'Sources of Funds'!$C$51,0) -> #REF! | F111: =IF('Sources of Funds'!$C$51>0,F106/'Sources of Funds'!$C$51,0) -> #REF! | G111: =IF('Sources of Funds'!$C$51>0,G106/'Sources of Funds'!$C$51,0) -> #REF! | H111: =IF('Sources of Funds'!$C$51>0,H106/'Sources of Funds'!$C$51,0) -> #REF! | I111: =IF('Sources of Funds'!$C$51>0,I106/'Sources of Funds'!$C$51,0) -> #REF! | J111: =IF('Sources of Funds'!$C$51>0,J106/'Sources of Funds'!$C$51,0) -> #REF! | K111: =IF('Sources of Funds'!$C$51>0,K106/'Sources of Funds'!$C$51,0) -> #REF! | L111: =IF('Sources of Funds'!$C$51>0,L106/'Sources of Funds'!$C$51,0) -> #REF! | ... AQ111: =IF('Sources of Funds'!$C$51>0,AQ106/'Sources of Funds'!$C$51,0) -> #REF!
B113: PRO FORMA (Page 3 of 5)
B114: AFTER-TAX CASH FLOW ANALYSIS
B116: DETERMINING TAXES | E116: YR 1 | F116: YR 2 | G116: YR 3 | H116: YR 4 | I116: YR 5 | J116: YR 6 | K116: YR 7 | L116: YR 8 | M116: YR 9 | N116: YR 10 | O116: YR 13 | P116: YR 14 | Q116: =Q67 -> #REF! | R116: =R67 -> #REF! | S116: =S67 -> #REF! | T116: =T67 -> #REF! | U116: =U67 -> #REF! | V116: =V67 -> #REF! | W116: =W67 -> #REF! | X116: =X67 -> #REF! | ... AQ116: =AQ67 -> #REF!
E117: = | F117: = | G117: = | H117: = | I117: = | J117: = | K117: = | L117: = | M117: = | N117: = | O117: = | P117: = | Q117: = | R117: = | S117: = | T117: = | U117: = | V117: = | W117: = | X117: = | Y117: = | Z117: = | AA117: = | AB117: = | AC117: = | AD117: = | AE117: = | AF117: = | AG117: = | AH117: = | AI117: = | AJ117: = | AK117: = | AL117: = | AM117: = | AN117: = | AO117: = | AP117: = | AQ117: =
...

Sheet Sources of Funds
B1: SOURCES OF FUNDS | E1: ='Construction Budget'!C10 -> 0 | J1: white space indicates data entry
B3: PROJECT ASSUMPTIONS | G3: HISTORIC REHAB. ASSUMPTIONS
B4: % Commercial | E4: 0 | G4: Historic Rehabilitation 1=yes, 0=no | J4: 1
B5: Anticipated Year of Sale | E5: 0 | G5: Historic RTC Equity Rate | J5: 0.92
B6: Cap Rate at Sale | E6: 0.1
B7: Cost of Sale | E7: 0
B8: Tax Rate at Sale | E8: 0.35
B10: LIHTC ASSUMPTIONS
B11: Project Type (1=acq/rehab, 2=bond, 3=new constr.) | E11: 3 | G11: LIHTC 4% Rate | J11: 0.0356
B12: LIHTC Occupancy Percentage | E12: 0 | G12: LIHTC 9% Rate | J12: 0.0815
B13: Bldg. Acquisition Eligible 1=yes, 0=no | E13: 0 | G13: LIHTC Bonus Area | I13: 1=yes, 0=no | J13: 0
B15: INVESTMENT ASSUMPTIONS
B16: Investor Tax Rate | E16: 0
B17: Investor Ownership | E17: 0.9999
B18: Basis for Equity (1=Sale Rate, 2=IRR, 3=$Amt.) | E18: 1 | G18: EQUITY ATTRACTED
B19: 1. LIHTC Sale Rate | E19: 0 | G19: Equity Attracted Based on Sale Rate | J19: ='Tax & Appreciation Benefits'!C26+'Tax & Appreciation Benefits'!C36 -> #REF!
B20: 2. Expected Internal Rate of Return (IRR) | E20: 0 | G20: Equity Attracted Based on IRR | J20: ='Rents and Expenses'!E145 -> 0
B21: 3. Equity Investment Committed | E21: 0 | G21: Equity Attracted Based on Dollar Amount | J21: =E21 -> 0
B24: DEBT ATTRACTION CALCULATION | E24: Requirements | G24: Loan Amt.
B25: Debt Coverage Ratio | E25: 0 | G25: =IF(E25=0,0,-PV(D38/12,E38*12,E28/12/E25,0,0)) -> 0
B26: Loan to Value Ratio | E26: 0 | G26: =E26*E29 -> 0
B27: Capitalization Rate | E27: 0
B28: Stabilized NOI | E28: =('Rents and Expenses'!E70+'Rents and Expenses'!E71)*(1-'Rents and Expenses'!L12)+'Rents and Expenses'!E77*(1-'Rents and Expenses'!L35)-'Rents and Expenses'!E92-'Rents and Expenses'!E93-'Rents and Expenses'!E94 -> #REF!
B29: Fair Market Value | E29: =IF(E27=0,0,E28/E27) -> 0
B30: Loan Amount, 1=$Amt., 2=DCR, 3=DCR and LVR | E30: 1
B31: Bank Loan Committed | E31: 0
B32: Loan Amount Based on DCR | E32: =G25 -> 0
B33: Loan Amount Based on DCR and LVR | E33: =MIN(G25,G26) -> 0
B36: PROPOSED PERMANENT FINANCING
C37: Amount | D37: Rate | E37: Amortization | F37: Term | G37: Pymts. Begin | I37: Source
B38: BANK | C38: =INDEX(E31:E33,E30,1) -> 0 | D38: 0 | E38: 0 | F38: 30
B39: Amortizing Loan | C39: 0 | D39: 0 | E39: 0 | F39: 0
B40: Amortizing Loan | C40: 0 | D40: 0 | E40: 0 | F40: 0
B41: Interest Only Loan | C41: 0 | D41: 0 | F41: 0 | G41: 0
B42: Interest Only Loan | C42: 0 | D42: 0 | F42: 0 | G42: 0
B43: Deferred Loan | C43: 0 | D43: 0 | E43: 0 | F43: 0 | G43: 1
B44: Deferred Loan | C44: 0 | D44: 0 | E44: 0 | F44: 0 | G44: 1
B45: Developer Loan | C45: 0 | D45: 0 | E45: 0 | F45: 0 | G45: 1
B46: Cash Flow Loan | C46: 0 | D46: 0 | E46: 0 | F46: 0 | G46: 0.4 | H46: % of CF
B47: TOTAL LOANS | C47: =SUM(C38:C46) -> 0
B48: Grant - Non Basis | C48: 0
B49: Grant - Other | C49: 0
B50: TOTAL GRANTS | C50: =SUM(C48:C49) -> 0
B51: EQUITY | C51: =IF(E18=0,0,INDEX(J19:J21,E18)) -> #REF!
B52: TOTAL SOURCES | C52: =C50+C51+C47 -> #REF!
B54: TOTAL DEV. COST | C54: ='Construction Budget'!#REF! -> #REF!
B55: - TOTAL SOURCES | C55: =C52 -> #REF!
B56: GAP | C56: ='Construction Budget'!#REF!-C52 -> #REF!
B57: CASH FLOW | C57: 1 | D57: 2 | E57: 3 | F57: 4 | G57: 5
C58: ='Rents and Expenses'!E106 -> #REF! | D58: ='Rents and Expenses'!F106 -> #REF! | E58: ='Rents and Expenses'!G106 -> #REF! | F58: ='Rents and Expenses'!H106 -> #REF! | G58: ='Rents and Expenses'!I106 -> #REF!
B59: ACTUAL IRR | C59: =IF(C51=0,0,'Rents and Expenses'!E147) -> #REF!

Sheet Tax & Appreciation Benefits
B1: TAX & APPRECIATION BENEFITS | F1: white space indicates data entry
C2: ='Construction Budget'!C10 -> 0
C4: Acquisition | D4: Tax Exempt | E4: Rehab./New
B5: LIHTC | C5: and Rehab. | D5: Bond | E5: No Acq.
B6: Rehab./New Construction | C6: ='Construction Budget'!#REF!-'Construction Budget'!#REF! -> #REF! | D6: ='Construction Budget'!#REF!-'Construction Budget'!#REF! -> #REF! | E6: ='Construction Budget'!#REF! -> #REF!
B7: - % Commercial | C7: =C6*'Sources of Funds'!$E$4 -> #REF! | D7: =D6*'Sources of Funds'!$E$4 -> #REF! | E7: =E6*'Sources of Funds'!$E$4 -> #REF!
B8: - RTC (Housing only) | C8: =IF('Sources of Funds'!J4=1,C33*(1-'Sources of Funds'!E4),0) -> #REF! | D8: =IF('Sources of Funds'!J4=1,C33*(1-'Sources of Funds'!E4),0) -> #REF! | E8: =IF('Sources of Funds'!J4=1,C33*(1-'Sources of Funds'!E4),0) -> #REF!
B9: - Grants | C9: ='Sources of Funds'!C49 -> 0 | D9: ='Sources of Funds'!C49 -> 0 | E9: ='Sources of Funds'!C49 -> 0
B10: = Rehab/Const. Basis | C10: =C6-C7-C8-C9 -> #REF! | D10: =D6-D7-D8-D9 -> #REF! | E10: =E6-E7-E8-E9 -> #REF!
B11: x Credit Rate | C11: ='Sources of Funds'!$J$12 -> 0.0815 | D11: ='Sources of Funds'!J11 -> 0.0356 | E11: ='Sources of Funds'!$J$12 -> 0.0815
B12: x Bonus Area | C12: =IF('Sources of Funds'!$J$13=1,1.3,1) -> 1 | D12: =IF('Sources of Funds'!$J$13=1,1.3,1) -> 1 | E12: =IF('Sources of Funds'!$J$13=1,1.3,1) -> 1
B13: = Annual Rehab/Const Credit | C13: =C10*C11*C12 -> #REF! | D13: =D10*D11*D12 -> #REF! | E13: =E10*E11*E12 -> #REF!
B14: Acquisition | C14: ='Construction Budget'!#REF! -> #REF! | D14: =IF('Sources of Funds'!E13=1,'Construction Budget'!#REF!,0) -> 0
B15: x Credit Rate | C15: ='Sources of Funds'!J11 -> 0.0356 | D15: ='Sources of Funds'!J11 -> 0.0356
B16: = Annual Acq. Credit | C16: =C14*C15 -> #REF! | D16: =D14*D15 -> 0
B17: Annual Credit | C17: =C16+C13 -> #REF! | D17: =D16+D13 -> #REF! | E17: =E13 -> #REF!
B18: x % Low Income | C18: ='Sources of Funds'!E12 -> 0 | D18: ='Sources of Funds'!E12 -> 0 | E18: ='Sources of Funds'!E12 -> 0
B19: Amount of Credit/Year | C19: =C17*C18 -> #REF! | D19: =D17*D18 -> #REF! | E19: =E17*E18 -> #REF!
B21: Annual LIHTC | C21: =INDEX(C19:E19,'Sources of Funds'!E11) -> #REF!
B22: 10 Year LIH Tax Credit | C22: =C21*10 -> #REF!
B23: Equity | C23: =C22*'Sources of Funds'!$E$19 -> #REF!
B24: x % Ownership | C24: ='Sources of Funds'!$E$17 -> 0.9999
B25: Partnership Equity | C25: =C23*C24 -> #REF!
B26: TOTAL EQUITY LIHTC | C26: =C25+D26+E26 -> #REF!
B28: CALCULATION OF HISTORIC TAX CREDIT
B29: Eligible Costs | C29: =IF('Sources of Funds'!J4=1,'Construction Budget'!#REF!,0) -> #REF!
B30: - Non RTC Basis Items | C30: 0
B31: Historic Basis | C31: =C29-C30 -> #REF!
B32: Historic Rate | C32: 0.2
B33: Historic Tax Credit | C33: =C31*C32 -> #REF!
B34: x % Ownership | C34: ='Sources of Funds'!E17 -> 0.9999
B35: Historic RTC Equity Rate | C35: ='Sources of Funds'!J5 -> 0.92
B36: Equity Raised by RTC | C36: =C35*C33*C34 -> #REF!
B38: DEPRECIABLE BASIS
B39: Depreciable Expenses | C39: ='Construction Budget'!#REF! -> #REF!
B40: - Amount of Historic RTC | C40: =C33 -> #REF!
B41: Adjusted Depreciable Basis | C41: =C39-C40-'Construction Budget'!C31-'Construction Budget'!C32 -> #REF!
B42: Commercial Basis (39 yrs) | C42: =IF('Rents and Expenses'!E81=0,0,(IF('Rents and Expenses'!E77/'Rents and Expenses'!E81>0.2,C41,0))) -> 0
B43: Residential Basis (27.5yrs) | C43: =IF('Rents and Expenses'!E81=0,0,IF('Rents and Expenses'!E77/'Rents and Expenses'!E81<0.2,C41,0)) -> #REF!
B44: Other Depreciable | C44: =('Construction Budget'!C32+'Construction Budget'!C31) -> 0
B45: Depreciation Per Year | C45: =C42/39+C43/27.5+C44/5 -> #REF!
B48: NET SALE PROCEEDS
B49: Sale Price | C49: =IF('Sources of Funds'!E5=0,0,INDEX('Rents and Expenses'!E251:AQ251,,'Sources of Funds'!E5)) -> 0 | E49: Capital Gain
B50: - Cost of Sale | C50: ='Sources of Funds'!E7*(C49) -> 0 | E50: Sale Price | F50: =C49 -> 0
B51: - Existing Debt | C51: =IF('Sources of Funds'!E5=0,0,INDEX('Rents and Expenses'!E257:AQ257,,'Sources of Funds'!E5)) -> 0 | E51: - Cost of Sale | F51: =C50 -> 0
B52: - Tax Due | C52: =F58 -> #REF! | E52: - Adjusted Basis | F52: =-C60 -> #REF!
B53: Net Sale Proceeds | C53: =IF('Rents and Expenses'!E139+'Rents and Expenses'!E140=0,IF((C49-C50-C51-C52)>0,(C49-C50-C51-C52),0),0) -> #REF! | E53: Capital Gain | F53: =SUM(F50:F52) -> #REF!
B55: Adjusted Basis | E55: Tax on Gain
B56: Original Project Cost | C56: ='Construction Budget'!#REF! -> #REF! | E56: Capital Gain | F56: =F53 -> #REF!
B57: - Sum Depreciation | C57: =IF('Sources of Funds'!E5=0,0,INDEX('Rents and Expenses'!E253:AQ253,,'Sources of Funds'!E5)) -> 0 | E57: x Tax Rate | F57: ='Sources of Funds'!E8 -> 0.35
B58: - Sum Amortization | C58: =IF('Sources of Funds'!E5=0,0,INDEX('Rents and Expenses'!E255:AQ255,,'Sources of Funds'!E5)) -> 0 | E58: Tax | F58: =F56*F57 -> #REF!
B59: - RTC | C59: =+C33 -> #REF!
B60: Adjusted Basis | C60: =C56-C57-C58-C59 -> #REF!
